AoeStats
← Blazing Cartesia, The Virtuous

Black Forest

505391221Analyzed
1v1 RM · 23d ago on Sep 9, 2026· 55m 36s· 2 players
Game mode
Random Map
Map size
Tiny (2 player)
Population
200
Speed
Normal
Resources
Standard
Victory
Conquest
Starting age
Dark Age
Ending age
Imperial Age
RankedLock teamsTeams togetherTeam positionsShared explorationLock speedFull tech treeHidden civsTurbo modeCheats
Victory
Defeat
🇦🇷 Turks · Argentina
1230
+14
1176
-14
0xLexA.23
0:26 Loom
12:49 Feudal Age
14:22 Double-Bit Axe
16:58 Castle Age
15:37 Gold Mining
21:38 Imperial Age
28:24 Wheelbarrow
27:41 Horse Collar
28:09 Town Watch
29:01 Bow Saw
31:28 Two-Man Saw
31:16 Artillery
31:42 Heavy Plow
32:25 Gold Shaft Mining
31:40 Fishing Lines
32:30 Conscription
32:56 Hand Cart
33:04 Stone Mining
34:24 Fletching
34:34 Padded Archer Armor
34:10 Elite Janissary
35:02 Bodkin Arrow
35:33 Sipahi
35:47 Guilds
36:08 Leather Archer Armor
35:58 Gillnets
36:38 Ballistics
36:39 Bombard Tower
36:10 Heated Shot
36:19 Murder Holes
37:39 Bracer
38:10 Ring Archer Armor
38:42 Bloodlines
38:32 Husbandry
37:58 Heavy Camel Rider
38:49 Forging
38:44 Scale Barding Armor
39:52 Arrowslits
40:19 Fortified Wall
40:20 Masonry
41:18 Iron Casting
41:33 Chain Barding Armor
44:37 Blast Furnace
44:12 Plate Barding Armor
44:41 Architecture
43:52 Treadmill Crane
46:09 Thumb Ring
Blazing Cartesia, The Virtuous
1:14 Loom
11:40 Feudal Age
17:37 Castle Age
16:24 Gold Mining
16:16 Horse Collar
22:20 Redemption
28:01 Imperial Age
27:22 Wheelbarrow
27:01 Bloodlines
28:01 Heavy Plow
29:04 Block Printing
31:00 Elite Battle Elephant
32:53 Scale Barding Armor
33:58 Conscription
34:02 Husbandry
34:26 Chain Barding Armor
37:37 Forging
38:04 Stone Mining
38:50 Gold Shaft Mining
38:19 Devotion
39:02 Theocracy
39:34 Iron Casting
39:14 Howdah
38:55 Elite Skirmisher
40:50 Chemistry
40:11 Ballistics
41:09 Plate Barding Armor
41:35 Blast Furnace
40:27 Fletching
40:37 Padded Archer Armor
42:50 Sanctity
42:54 Faith
43:04 Illumination
43:26 Illumination
43:24 Fervor
43:15 Atonement
45:20 Masonry
45:18 Siege Engineers
45:08 Murder Holes
44:54 Treadmill Crane
44:55 Pikeman
45:37 Squires
45:24 Arson
45:39 Bodkin Arrow
45:45 Scale Mail Armor
46:15 Manipur Cavalry
45:40 Light Cavalry
46:36 Hussar
51:20 Chain Mail Armor
51:06 Bracer
51:01 Halberdier
Connection lost

Rejoining the realm…

Still unreachable

The connection could not be restored.

Session expired

The server has moved on; the page needs a fresh start.